Senators vs Bruins

Created - Monday, January 05, 2015 at 01:03

Goals
1 2 3 T
Senators 0 0 1 1
Bruins 1 1 0 2
Shots
1 2 3 T
Senators 13 7 9 29
Bruins 9 9 5 23

1st period

1. Bruins , Anze Kopitar 19 (Jesse Winchester, Jeff Petry) at 6:26

Penalties :
Fedor Tyutin (Ott) for High sticking (Minor) at 14:00

2nd period

2. Bruins , Matt Duchene 28 (Shea Weber, Anze Kopitar) at 7:03

Penalties :
Justin Schultz (Ott) for Holding (Minor) at 4:49, Brad Richards (Ott) for Hooking (Minor) at 7:43, Jonas Brodin (Bos) for Roughing (Minor) at 12:07, Jesse Winchester (Bos) for Holding (Minor) at 15:22

3rd period

3. Senators , Jonathan Toews 13 (Phil Kessel, Scott Hartnell) at 5:54 (PP)

Penalties :
Shea Weber (Bos) for Hooking (Minor) at 4:20

Goalie Stats

Steve Mason (Ott), 21 saves from 23 shots - (0.913), L, 17-12-2, 59:19 minutes
Jonathan Quick (Bos), 28 saves from 29 shots - (0.966), W, 24-4-3, 60:00 minutes

Players Stats for Senators

Player Name              G  A  P  +/- PIM S  H  SB GA TA FO     MP     PP MP  PK MP  
------------------------------------------------------------------------------------
Brad Richards            0  0  0  -1  2   2  0  0  3  0  7/10   14:35   0:00   0:04 
Colin Greening           0  0  0  -1  0   0  0  0  0  0  0/0    14:38   0:00   0:06 
Erik Gudbranson          0  0  0   0  0   0  2  2  0  0  0/0    14:05   0:00   2:00 
Fedor Tyutin             0  0  0  -2  2   1  1  1  1  3  0/0    23:58   3:18   0:52 
Johnny Oduya             0  0  0  -1  0   3  0  4  1  2  0/0    22:25   2:14   3:19 
Jonathan Toews           1  0  1   0  0   5  1  1  0  0  5/7    18:19   2:55   1:41 
Justin Schultz           0  0  0   0  2   1  1  1  0  0  0/0    22:40   2:14   1:58 
Kyle Clifford            0  0  0  -1  0   0  1  0  0  0  1/1     9:04   0:00   0:00 
Kyle Okposo              0  0  0   0  0   2  1  0  2  0  0/0    16:40   2:37   1:41 
Mark Scheifele           0  0  0  -1  0   2  0  0  3  0  0/2    12:10   0:00   0:02 
Matt Greene              0  0  0   0  0   0  5  1  1  3  0/0    19:58   3:18   3:45 
Nazem Kadri              0  0  0   0  0   1  5  0  2  0  6/9    19:23   2:37   4:10 
Nikita Nikitin           0  0  0  -1  0   2  2  0  0  2  0/0    16:50   0:00   0:00 
Phil Kessel              0  1  1   0  0   3  2  0  5  0  0/1    20:36   2:55   4:10 
Ray Whitney              0  0  0  -1  0   3  1  1  2  0  0/0     9:04   0:00   0:00 
Reilly Smith             0  0  0   0  0   0  0  0  0  0  0/1    13:48   2:37   0:00 
Scott Gomez              0  0  0  -1  0   0  1  0  0  0  2/6     9:04   0:00   0:00 
Scott Hartnell           0  1  1   0  0   4  3  1  1  1  0/1    16:38   2:55   0:00 

Players Stats for Bruins

Player Name              G  A  P  +/- PIM S  H  SB GA TA FO     MP     PP MP  PK MP  
------------------------------------------------------------------------------------
Andre Benoit             0  0  0   0  0   1  2  1  0  2  0/0    17:56   1:21   3:19 
Anze Kopitar             1  1  2   2  0   4  0  0  4  0  1/9    22:33   2:32   0:00 
Brenden Dillon           0  0  0   0  0   0  1  1  1  2  0/0    19:09   0:00   2:13 
Jeff Petry               0  1  1   2  0   0  2  2  1  1  0/0    26:41   4:30   3:19 
Jesse Winchester         0  1  1   1  2   1  1  0  0  0  2/5     7:10   0:00   0:00 
Jonas Brodin             0  0  0   0  2   2  1  3  1  2  0/0    18:48   0:00   2:04 
Marian Hossa             0  0  0   0  0   0  2  0  1  1  0/0    17:57   3:25   0:00 
Matt Duchene             1  0  1   1  0   1  1  1  2  0  3/4    16:08   2:30   0:00 
Paul Stastny             0  0  0   0  0   1  0  0  1  0  5/7    19:19   3:25   2:21 
Radko Gudas              0  0  0   0  0   0  0  0  0  0  0/0     0:40   0:40   0:00 
Raman Hrabarenka         0  0  0   0  0   0  0  0  0  2  0/0    12:42   0:00   0:00 
Ryan O'Reilly            0  0  0   0  0   2  0  0  4  0  0/0    18:35   2:28   1:40 
Ryan Smyth               0  0  0   0  0   2  3  0  1  1  0/1    13:57   0:00   0:42 
Shea Weber               0  1  1   2  2   1  3  1  0  2  0/0    23:36   4:36   0:09 
T.J. Oshie               0  0  0   0  0   1  0  1  1  0  0/0    16:35   3:25   0:00 
Tommy Wingels            0  0  0   0  0   5  2  0  2  0  0/0    16:43   0:00   3:11 
Valeri Nichushkin        0  0  0   2  0   0  1  0  1  0  0/0     9:26   0:53   0:00 
Zemgus Girgensons        0  0  0   0  0   2  1  0  0  1  6/12   16:25   0:00   3:10 

3 Stars

1 - Anze Kopitar (Bos)
2 - Jonathan Quick (Bos)
3 - Matt Duchene (Bos)

Power Play

Senators - 1 on 3 Attempt(s) - 33.33%
Bruins - 0 on 3 Attempt(s) - 0.00%

Penalty Kill

Senators - 3 on 3 Attempt(s) - 100.00% - Score 0 goal in Penalty Kill
Bruins - 2 on 3 Attempt(s) - 66.67% - Score 0 goal in Penalty Kill

Team Stat

Senators - Hits : 26 - Faceoff Wins : 21 - Blocked Shots : 12 - Penalty Minutes : 6
Bruins - Hits : 20 - Faceoff Wins : 17 - Blocked Shots : 10 - Penalty Minutes : 6

Official

Referees : Unknown
Linesman : Unknown

Game Notes

Mark Scheifele is injured at 10:58 of 3rd period (Strained Right Elbow)

Finance

Level 1 -- Attendance: 5503 (91.72%) -- Ticket Income $440,240
Level 2 -- Attendance: 4845 (96.90%) -- Ticket Income $256,785
Level 3 -- Attendance: 1789 (89.45%) -- Ticket Income $50,092
Level 4 -- Attendance: 3765 (94.13%) -- Ticket Income $64,005
Luxury Box -- Attendance: 995 (99.50%) -- Ticket Income $175,120
Game was played at the TD Banknorth Garden'
Total Attendance: 16897 (93.87%)
Total Ticket Income: $986,242
Other Income: $483,259
Total Income: $1,469,501

Senators

5 vs 5 Forward 
   Center                   Left Wing                Right Wing               Time % Phy DF OF 
 1 Jonathan Toews           Scott Hartnell           Phil Kessel              40     1   1  3  
 2 Nazem Kadri              Reilly Smith             Kyle Okposo              30     1   1  3  
 3 Brad Richards            Colin Greening           Mark Scheifele           20     1   2  2  
 4 Scott Gomez              Ray Whitney              Kyle Clifford            10     2   2  1  

5 vs 5 Defense 
   Defense                  Defense                                           Time % Phy DF OF 
 1 Fedor Tyutin             Nikita Nikitin                                    40     1   2  2  
 2 Johnny Oduya             Justin Schultz                                    30     1   2  2  
 3 Erik Gudbranson          Matt Greene                                       25     1   3  1  
 4 Justin Schultz           Fedor Tyutin                                      5      0   2  3  

PowerPlay Forward 
   Center                   Left Wing                Right Wing               Time % Phy DF OF 
 1 Jonathan Toews           Scott Hartnell           Phil Kessel              60     0   1  4  
 2 Nazem Kadri              Reilly Smith             Kyle Okposo              40     0   1  4  

PowerPlay Defense
   Defense                  Defense                                           Time % Phy DF OF 
 1 Fedor Tyutin             Matt Greene                                       60     1   1  3  
 2 Johnny Oduya             Justin Schultz                                    40     1   1  3  

Penalty Kill 4 Players Forward 
   Center                   Wing                     Time % Phy DF OF 
 1 Nazem Kadri              Phil Kessel              60     1   3  1  
 2 Jonathan Toews           Kyle Okposo              40     1   3  1  

Penalty Kill 4 Players Defense
   Defense                  Defense                  Time % Phy DF OF 
 1 Matt Greene              Justin Schultz           60     1   4  0  
 2 Johnny Oduya             Erik Gudbranson          40     1   4  0  

Penalty Kill - 3 Players Forward 
   Forward                                           Time % Phy DF OF 
 1 Nazem Kadri                                       60     1   4  0  
 2 Jonathan Toews                                    40     1   4  0  

Penalty Kill - 3 Players Defense
   Defense                  Defense                  Time % Phy DF OF 
 1 Matt Greene              Justin Schultz           60     1   4  0  
 2 Johnny Oduya             Erik Gudbranson          40     1   4  0  

4 vs 4 Forward 
   Center                   Wing                     Time % Phy DF OF 
 1 Jonathan Toews           Phil Kessel              60     1   1  3  
 2 Nazem Kadri              Kyle Okposo              40     1   1  3  

4 vs 4 Defense
   Defense                  Defense                  Time % Phy DF OF 
 1 Fedor Tyutin             Matt Greene              60     1   2  2  
 2 Johnny Oduya             Justin Schultz           40     1   2  2  

Last Minutes Offensive
   Center                   Left Wing                Right Wing               Defense                  Defense                  
   Jonathan Toews           Scott Hartnell           Phil Kessel              Matt Greene              Nikita Nikitin           

Last Minutes Defensive
   Center                   Left Wing                Right Wing               Defense                  Defense                  
   Jonathan Toews           Scott Hartnell           Kyle Okposo              Matt Greene              Nikita Nikitin           

Goaltenders
Starting : Steve Mason              
Backup : James Reimer             

Extra Forwards
Normal : Nazem Kadri, Brad Richards, Phil Kessel - PP : Nazem Kadri, Jonathan Toews - PK : Nazem Kadri
Extra Defensemen
Normal : Justin Schultz, Fedor Tyutin, Johnny Oduya - PP : Justin Schultz - PK : Justin Schultz, Johnny Oduya
Penalty Shots
Jonathan Toews, Phil Kessel, Nazem Kadri, Kyle Okposo, Brad Richards

Bruins

5 vs 5 Forward 
   Center                   Left Wing                Right Wing               Time % Phy DF OF 
 1 Anze Kopitar             Matt Duchene             Marian Hossa             40     1   2  2  
 2 Paul Stastny             Ryan O'Reilly            T.J. Oshie               30     1   2  2  
 3 Zemgus Girgensons        Ryan Smyth               Tommy Wingels            20     1   2  2  
 4 Jesse Winchester         Valeri Nichushkin        Anze Kopitar             10     2   2  1  

5 vs 5 Defense 
   Defense                  Defense                                           Time % Phy DF OF 
 1 Shea Weber               Jeff Petry                                        40     1   2  2  
 2 Brenden Dillon           Jonas Brodin                                      35     1   2  2  
 3 Raman Hrabarenka         Andre Benoit                                      20     1   2  2  
 4 Shea Weber               Jeff Petry                                        5      1   2  2  

PowerPlay Forward 
   Center                   Left Wing                Right Wing               Time % Phy DF OF 
 1 Anze Kopitar             Matt Duchene             Ryan O'Reilly            60     1   0  4  
 2 Paul Stastny             T.J. Oshie               Marian Hossa             40     1   0  4  

PowerPlay Defense
   Defense                  Defense                                           Time % Phy DF OF 
 1 Shea Weber               Jeff Petry                                        60     1   1  3  
 2 Shea Weber               Matt Duchene                                      40     1   1  3  

Penalty Kill 4 Players Forward 
   Center                   Wing                     Time % Phy DF OF 
 1 Zemgus Girgensons        Tommy Wingels            60     1   3  1  
 2 Jesse Winchester         Ryan Smyth               40     1   3  1  

Penalty Kill 4 Players Defense
   Defense                  Defense                  Time % Phy DF OF 
 1 Brenden Dillon           Jonas Brodin             50     1   3  1  
 2 Jeff Petry               Andre Benoit             50     1   3  1  

Penalty Kill - 3 Players Forward 
   Forward                                           Time % Phy DF OF 
 1 Zemgus Girgensons                                 60     1   4  0  
 2 Jesse Winchester                                  40     1   4  0  

Penalty Kill - 3 Players Defense
   Defense                  Defense                  Time % Phy DF OF 
 1 Jonas Brodin             Brenden Dillon           55     1   4  0  
 2 Jeff Petry               Andre Benoit             45     1   4  0  

4 vs 4 Forward 
   Center                   Wing                     Time % Phy DF OF 
 1 Anze Kopitar             Marian Hossa             60     1   1  3  
 2 Paul Stastny             Matt Duchene             40     1   2  2  

4 vs 4 Defense
   Defense                  Defense                  Time % Phy DF OF 
 1 Shea Weber               Jeff Petry               60     1   2  2  
 2 Brenden Dillon           Jonas Brodin             40     1   2  2  

Last Minutes Offensive
   Center                   Left Wing                Right Wing               Defense                  Defense                  
   Anze Kopitar             Matt Duchene             Marian Hossa             Shea Weber               Raman Hrabarenka         

Last Minutes Defensive
   Center                   Left Wing                Right Wing               Defense                  Defense                  
   Anze Kopitar             Ryan O'Reilly            Marian Hossa             Shea Weber               Jeff Petry               

Goaltenders
Starting : Jonathan Quick           
Backup : Peter Budaj              

Extra Forwards
Normal : Valeri Nichushkin, Tommy Wingels, Ryan Smyth - PP : Valeri Nichushkin, Tommy Wingels - PK : Paul Stastny
Extra Defensemen
Normal : Brenden Dillon, Andre Benoit, Shea Weber - PP : Andre Benoit - PK : Andre Benoit, Shea Weber
Penalty Shots
T.J. Oshie, Ryan O'Reilly, Anze Kopitar, Matt Duchene, Valeri Nichushkin

% Time on Ice - Senators

Lines # - Real PCT - Wanted PCT - Time Play
Normal Forward
1 - 28% - 40% - 13:23
2 - 24% - 30% - 11:11
3 - 29% - 20% - 13:54
4 - 19% - 10% - 9:04
Normal Defense
1 - 36% - 40% - 17:14
2 - 34% - 30% - 16:20
3 - 24% - 25% - 11:23
4 - 5% - 5% - 2:35
PP Forward
1 - 53% - 60% - 2:55
2 - 47% - 40% - 2:37
PP Defense
1 - 60% - 60% - 3:18
2 - 40% - 40% - 2:14
PK Forward
1 - 72% - 60% - 4:16
2 - 28% - 40% - 1:41
PK Defense
1 - 66% - 60% - 3:57
2 - 34% - 40% - 2:00
PK3 Forward
1 - 0% - 60%
2 - 0% - 40%
PK3 Defense
1 - 0% - 60%
2 - 0% - 40%
44 Forward
1 - 0% - 60%
2 - 0% - 40%
44 Defense
1 - 0% - 60%
2 - 0% - 40%
Last Minute Offensive  - 0:59
Last Minute Defensive  - 0:00
Total
Forward - 60:00
Defense - 60:00

% Time on Ice - Bruins

Lines # - Real PCT - Wanted PCT - Time Play
Normal Forward
1 - 30% - 40% - 14:18
2 - 28% - 30% - 13:11
3 - 28% - 20% - 13:15
4 - 14% - 10% - 6:54
Normal Defense
1 - 38% - 40% - 18:05
2 - 35% - 35% - 16:50
3 - 27% - 20% - 12:43
4 - 0% - 5% - 0:00
PP Forward
1 - 43% - 60% - 2:32
2 - 57% - 40% - 3:25
PP Defense
1 - 87% - 60% - 5:10
2 - 13% - 40% - 0:47
PK Forward
1 - 87% - 60% - 4:50
2 - 13% - 40% - 0:42
PK Defense
1 - 40% - 50% - 2:13
2 - 60% - 50% - 3:19
PK3 Forward
1 - 0% - 60%
2 - 0% - 40%
PK3 Defense
1 - 0% - 55%
2 - 0% - 45%
44 Forward
1 - 0% - 60%
2 - 0% - 40%
44 Defense
1 - 0% - 60%
2 - 0% - 40%
Last Minute Offensive  - 0:00
Last Minute Defensive  - 0:53
Total
Forward - 60:00
Defense - 60:00

Play by Play

1st period


0:01 of 1st period - Jonathan Toews wins face-off versus Anze Kopitar in neutral zone.
0:06 of 1st period - Shea Weber is hit by Scott Hartnell and loses puck.
0:13 of 1st period - Nikita Nikitin is hit by Shea Weber and loses puck.
1:04 of 1st period - Snap shot by Ryan O'Reilly.
1:04 of 1st period - Shot Blocked by Johnny Oduya.
1:15 of 1st period - Off-side.
1:16 of 1st period - Brad Richards wins face-off versus Zemgus Girgensons in neutral zone.
1:23 of 1st period - Wrist shot by Mark Scheifele.
1:23 of 1st period - Shot Blocked by Jonas Brodin.
1:25 of 1st period - Slapshot by Erik Gudbranson.
1:25 of 1st period - Shot Misses the Net.
1:27 of 1st period - Slapshot by Matt Greene.
1:27 of 1st period - Deflect By Brad Richards.
1:27 of 1st period - Stopped by Jonathan Quick with a rebound.
1:41 of 1st period - Slapshot by Ryan Smyth.
1:41 of 1st period - Shot Misses the Net.
1:47 of 1st period - Erik Gudbranson is hit by Tommy Wingels and loses puck.
2:06 of 1st period - Erik Gudbranson is hit by Jesse Winchester.
2:15 of 1st period - Colin Greening is hit by Brenden Dillon and loses puck.
2:52 of 1st period - Slapshot by Nazem Kadri.
2:52 of 1st period - Shot Blocked by T.J. Oshie.
2:54 of 1st period - Backhand shot by Johnny Oduya.
2:54 of 1st period - Stopped by Jonathan Quick with a rebound.
2:56 of 1st period - Slapshot by Johnny Oduya.
2:56 of 1st period - Shot Blocked by Andre Benoit.
4:02 of 1st period - Andre Benoit is hit by Scott Gomez and loses puck.
4:21 of 1st period - Snap shot by Ray Whitney.
4:21 of 1st period - Stopped by Jonathan Quick without a rebound.
4:22 of 1st period - Nazem Kadri wins face-off versus Anze Kopitar in Bruins zone.
4:31 of 1st period - Slapshot by Shea Weber.
4:31 of 1st period - Shot Misses the Net.
4:58 of 1st period - Shea Weber is hit by Scott Hartnell and loses puck.
5:43 of 1st period - Wrist shot by Ray Whitney.
5:43 of 1st period - Stopped by Jonathan Quick with a rebound.
5:53 of 1st period - Slapshot by Nikita Nikitin.
5:53 of 1st period - Stopped by Jonathan Quick with a rebound.
6:20 of 1st period - Slapshot by Jeff Petry.
6:20 of 1st period - Shot Misses the Net.
6:22 of 1st period - Snap shot by Jesse Winchester.
6:22 of 1st period - Shot Hit the Post.
6:24 of 1st period - Slapshot by Jesse Winchester.
6:24 of 1st period - Stopped by Steve Mason with a rebound.
6:26 of 1st period - Snap shot by Anze Kopitar.
6:26 of 1st period - Goal by Anze Kopitar - Senators : 0 - Bruins : 1.
6:27 of 1st period - Jesse Winchester wins face-off versus Jonathan Toews in neutral zone.
6:36 of 1st period - Wrist shot by Scott Hartnell.
6:36 of 1st period - Stopped by Jonathan Quick with a rebound.
7:12 of 1st period - Snap shot by Tommy Wingels.
7:12 of 1st period - Stopped by Steve Mason with a rebound.
7:26 of 1st period - Slapshot by Paul Stastny.
7:26 of 1st period - Shot Blocked by Scott Hartnell.
7:28 of 1st period - Slapshot by Shea Weber.
7:28 of 1st period - Shot Hit the Post.
7:30 of 1st period - Slapshot by Jeff Petry.
7:30 of 1st period - Shot Blocked by Jonathan Toews.
7:32 of 1st period - Wrist shot by Jeff Petry.
7:32 of 1st period - Shot Blocked by Fedor Tyutin.
8:28 of 1st period - Matt Greene is hit by Tommy Wingels.
9:27 of 1st period - Slapshot by Ryan O'Reilly.
9:27 of 1st period - Stopped by Steve Mason with a rebound.
9:29 of 1st period - Slapshot by Ryan O'Reilly.
9:29 of 1st period - Shot Misses the Net.
9:49 of 1st period - Icing by Brad Richards.
9:50 of 1st period - Brad Richards wins face-off versus Jesse Winchester in Senators zone.
10:22 of 1st period - Snap shot by Ray Whitney.
10:22 of 1st period - Deflect By Kyle Clifford.
10:22 of 1st period - Shot Misses the Net.
10:22 of 1st period - Puck is out of play.
10:23 of 1st period - Paul Stastny wins face-off versus Nazem Kadri in Bruins zone.
10:50 of 1st period - Wrist shot by Kyle Okposo.
10:50 of 1st period - Stopped by Jonathan Quick without a rebound.
10:51 of 1st period - Zemgus Girgensons wins face-off versus Scott Gomez in Bruins zone.
10:56 of 1st period - Justin Schultz is hit by Ryan Smyth.
11:22 of 1st period - Snap shot by Tommy Wingels.
11:22 of 1st period - Shot Misses the Net.
11:24 of 1st period - Slapshot by Jeff Petry.
11:24 of 1st period - Shot Blocked by Ray Whitney.
11:36 of 1st period - Justin Schultz is hit by Jeff Petry.
12:02 of 1st period - Snap shot by Mark Scheifele.
12:02 of 1st period - Stopped by Jonathan Quick with a rebound.
12:18 of 1st period - Snap shot by Brad Richards.
12:18 of 1st period - Shot Blocked by Shea Weber.
12:45 of 1st period - Brenden Dillon is hit by Erik Gudbranson and loses puck.
13:00 of 1st period - Jonas Brodin is hit by Matt Greene and loses puck.
13:25 of 1st period - Slapshot by Jonathan Toews.
13:25 of 1st period - Stopped by Jonathan Quick with a rebound.
13:35 of 1st period - Backhand shot by Ryan Smyth.
13:35 of 1st period - Stopped by Steve Mason without a rebound.
13:36 of 1st period - Scott Gomez wins face-off versus Zemgus Girgensons in Senators zone.
13:45 of 1st period - Snap shot by Tommy Wingels.
13:45 of 1st period - Stopped by Steve Mason with a rebound.
13:47 of 1st period - Snap shot by Zemgus Girgensons.
13:47 of 1st period - Stopped by Steve Mason without a rebound.
13:48 of 1st period - Paul Stastny wins face-off versus Brad Richards in Senators zone.
14:00 of 1st period - Minor Penalty to Fedor Tyutin for High sticking.
14:01 of 1st period - Nazem Kadri wins face-off versus Paul Stastny in Senators zone.
14:06 of 1st period - Slapshot by Justin Schultz.
14:06 of 1st period - Stopped by Jonathan Quick with a rebound.
14:16 of 1st period - Snap shot by Marian Hossa.
14:16 of 1st period - Shot Misses the Net.
14:26 of 1st period - Snap shot by T.J. Oshie.
14:26 of 1st period - Stopped by Steve Mason with a rebound.
14:52 of 1st period - Wrist shot by Phil Kessel.
14:52 of 1st period - Shot Misses the Net.
15:11 of 1st period - Nazem Kadri is hit by Marian Hossa and loses puck.
16:00 of 1st period - Penalty to Fedor Tyutin is over, Fedor Tyutin is back on ice.
16:13 of 1st period - Icing by Shea Weber.
16:14 of 1st period - Brad Richards wins face-off versus Zemgus Girgensons in Bruins zone.
16:21 of 1st period - Nikita Nikitin is hit by Ryan Smyth and loses puck.
16:44 of 1st period - Slapshot by Mark Scheifele.
16:44 of 1st period - Stopped by Jonathan Quick without a rebound.
16:45 of 1st period - Kyle Clifford wins face-off versus Jesse Winchester in Bruins zone.
16:58 of 1st period - Slapshot by Justin Schultz.
16:58 of 1st period - Deflect By Ray Whitney.
16:58 of 1st period - Stopped by Jonathan Quick with a rebound.
17:00 of 1st period - Slapshot by Johnny Oduya.
17:00 of 1st period - Stopped by Jonathan Quick with a rebound.
17:02 of 1st period - Wrist shot by Justin Schultz.
17:02 of 1st period - Shot Misses the Net.
17:34 of 1st period - Snap shot by Tommy Wingels.
17:34 of 1st period - Shot Misses the Net.
17:36 of 1st period - Slapshot by Tommy Wingels.
17:36 of 1st period - Stopped by Steve Mason with a rebound.
18:38 of 1st period - Ryan Smyth is hit by Phil Kessel and loses puck.
19:59 of 1st period - Paul Stastny is hit by Nikita Nikitin and loses puck.
Goals for this period are 0 for Senators vs 1 for Bruins.
Shots for this period are 13 for Senators vs 9 for Bruins.

2nd period


0:01 of 2nd period - Jonathan Toews wins face-off versus Anze Kopitar in neutral zone.
0:04 of 2nd period - Slapshot by Fedor Tyutin.
0:04 of 2nd period - Shot Misses the Net.
0:06 of 2nd period - Snap shot by Scott Hartnell.
0:06 of 2nd period - Shot Misses the Net.
0:56 of 2nd period - Justin Schultz is hit by Shea Weber and loses puck.
1:17 of 2nd period - Jeff Petry is hit by Nazem Kadri and loses puck.
3:13 of 2nd period - Snap shot by Zemgus Girgensons.
3:13 of 2nd period - Stopped by Steve Mason with a rebound.
3:15 of 2nd period - Slapshot by Tommy Wingels.
3:15 of 2nd period - Stopped by Steve Mason with a rebound.
4:00 of 2nd period - Wrist shot by Kyle Okposo.
4:00 of 2nd period - Shot Misses the Net.
4:49 of 2nd period - Minor Penalty to Justin Schultz for Holding.
4:50 of 2nd period - Matt Duchene wins face-off versus Nazem Kadri in Senators zone.
6:39 of 2nd period - Wrist shot by Phil Kessel.
6:39 of 2nd period - Stopped by Jonathan Quick with a rebound.
6:49 of 2nd period - Penalty to Justin Schultz is over, Justin Schultz is back on ice.
7:01 of 2nd period - Slapshot by Anze Kopitar.
7:01 of 2nd period - Shot Misses the Net.
7:03 of 2nd period - Slapshot by Shea Weber.
7:03 of 2nd period - Deflect By Matt Duchene.
7:03 of 2nd period - Goal by Matt Duchene - Senators : 0 - Bruins : 2.
7:04 of 2nd period - Brad Richards wins face-off versus Zemgus Girgensons in neutral zone.
7:43 of 2nd period - Minor Penalty to Brad Richards for Hooking.
7:44 of 2nd period - Nazem Kadri wins face-off versus Anze Kopitar in Senators zone.
7:53 of 2nd period - Off-side.
7:54 of 2nd period - Nazem Kadri wins face-off versus Anze Kopitar in neutral zone.
8:17 of 2nd period - Matt Greene is hit by Marian Hossa and loses puck.
8:36 of 2nd period - Shea Weber is hit by Nazem Kadri.
8:46 of 2nd period - Johnny Oduya is hit by Jeff Petry and loses puck.
9:43 of 2nd period - Penalty to Brad Richards is over, Brad Richards is back on ice.
10:09 of 2nd period - Wrist shot by Ryan Smyth.
10:09 of 2nd period - Stopped by Steve Mason with a rebound.
10:11 of 2nd period - Snap shot by Brenden Dillon.
10:11 of 2nd period - Shot Blocked by Johnny Oduya.
10:13 of 2nd period - Slapshot by Brenden Dillon.
10:13 of 2nd period - Shot Blocked by Erik Gudbranson.
10:19 of 2nd period - Slapshot by Tommy Wingels.
10:19 of 2nd period - Stopped by Steve Mason with a rebound.
10:21 of 2nd period - Wrist shot by Jonas Brodin.
10:21 of 2nd period - Stopped by Steve Mason without a rebound.
10:22 of 2nd period - Zemgus Girgensons wins face-off versus Scott Gomez in Senators zone.
11:15 of 2nd period - Wrist shot by Jonathan Toews.
11:15 of 2nd period - Shot Misses the Net.
11:25 of 2nd period - Wrist shot by Phil Kessel.
11:25 of 2nd period - Stopped by Jonathan Quick without a rebound.
11:26 of 2nd period - Brad Richards wins face-off versus Ryan Smyth in Bruins zone.
11:41 of 2nd period - Snap shot by Brad Richards.
11:41 of 2nd period - Shot Misses the Net.
11:43 of 2nd period - Slapshot by Justin Schultz.
11:43 of 2nd period - Shot Misses the Net.
12:07 of 2nd period - Minor Penalty to Jonas Brodin for Roughing.
12:08 of 2nd period - Zemgus Girgensons wins face-off versus Reilly Smith in Bruins zone.
12:55 of 2nd period - Jonathan Toews is hit by Andre Benoit and loses puck.
13:30 of 2nd period - Andre Benoit is hit by Nazem Kadri and loses puck.
13:57 of 2nd period - Wrist shot by Jonathan Toews.
13:57 of 2nd period - Stopped by Jonathan Quick without a rebound.
13:58 of 2nd period - Paul Stastny wins face-off versus Phil Kessel in Bruins zone.
14:05 of 2nd period - Wrist shot by Ryan O'Reilly.
14:05 of 2nd period - Stopped by Steve Mason without a rebound.
14:06 of 2nd period - Paul Stastny wins face-off versus Nazem Kadri in Senators zone.
14:07 of 2nd period - Penalty to Jonas Brodin is over, Jonas Brodin is back on ice.
14:38 of 2nd period - Slapshot by Justin Schultz.
14:38 of 2nd period - Shot Misses the Net.
14:40 of 2nd period - Snap shot by Brad Richards.
14:40 of 2nd period - Stopped by Jonathan Quick without a rebound.
14:41 of 2nd period - Matt Duchene wins face-off versus Mark Scheifele in Bruins zone.
15:10 of 2nd period - Snap shot by Brad Richards.
15:10 of 2nd period - Shot Misses the Net.
15:22 of 2nd period - Minor Penalty to Jesse Winchester for Holding.
15:23 of 2nd period - Zemgus Girgensons wins face-off versus Jonathan Toews in Bruins zone.
15:32 of 2nd period - Zemgus Girgensons is hit by Matt Greene and loses puck.
15:39 of 2nd period - Snap shot by Jonathan Toews.
15:39 of 2nd period - Shot Misses the Net.
15:41 of 2nd period - Slapshot by Matt Greene.
15:41 of 2nd period - Shot Misses the Net.
15:43 of 2nd period - Snap shot by Phil Kessel.
15:43 of 2nd period - Shot Blocked by Jeff Petry.
15:51 of 2nd period - Snap shot by Jonathan Toews.
15:51 of 2nd period - Stopped by Jonathan Quick with a rebound.
15:53 of 2nd period - Snap shot by Fedor Tyutin.
15:53 of 2nd period - Deflect By Andre Benoit.
15:53 of 2nd period - Stopped by Jonathan Quick without a rebound.
15:54 of 2nd period - Nazem Kadri wins face-off versus Zemgus Girgensons in Bruins zone.
16:47 of 2nd period - Ryan Smyth is hit by Jonathan Toews and loses puck.
17:14 of 2nd period - Nazem Kadri is hit by Ryan Smyth and loses puck.
17:22 of 2nd period - Penalty to Jesse Winchester is over, Jesse Winchester is back on ice.
17:49 of 2nd period - Snap shot by Anze Kopitar.
17:49 of 2nd period - Stopped by Steve Mason without a rebound.
17:50 of 2nd period - Scott Gomez wins face-off versus Anze Kopitar in Senators zone.
17:59 of 2nd period - Slapshot by Johnny Oduya.
17:59 of 2nd period - Deflect By Ray Whitney.
17:59 of 2nd period - Shot Misses the Net.
17:59 of 2nd period - Puck is out of play.
18:00 of 2nd period - Anze Kopitar wins face-off versus Scott Gomez in Bruins zone.
18:11 of 2nd period - Slapshot by Anze Kopitar.
18:11 of 2nd period - Stopped by Steve Mason without a rebound.
18:12 of 2nd period - Jonathan Toews wins face-off versus Matt Duchene in Senators zone.
18:25 of 2nd period - Snap shot by Anze Kopitar.
18:25 of 2nd period - Shot Blocked by Erik Gudbranson.
18:27 of 2nd period - Slapshot by Shea Weber.
18:27 of 2nd period - Shot Blocked by Matt Greene.
19:23 of 2nd period - Snap shot by Kyle Okposo.
19:23 of 2nd period - Stopped by Jonathan Quick without a rebound.
19:24 of 2nd period - Jesse Winchester wins face-off versus Mark Scheifele in Bruins zone.
19:31 of 2nd period - Wrist shot by Valeri Nichushkin.
19:31 of 2nd period - Shot Misses the Net.
Goals for this period are 0 for Senators vs 1 for Bruins.
Shots for this period are 7 for Senators vs 9 for Bruins.

3rd period


0:01 of 3rd period - Jonathan Toews wins face-off versus Anze Kopitar in neutral zone.
0:17 of 3rd period - Snap shot by Scott Hartnell.
0:17 of 3rd period - Stopped by Jonathan Quick with a rebound.
0:53 of 3rd period - Ryan O'Reilly is hit by Nikita Nikitin.
0:57 of 3rd period - Snap shot by Paul Stastny.
0:57 of 3rd period - Shot Misses the Net.
0:59 of 3rd period - Slapshot by Jonas Brodin.
0:59 of 3rd period - Deflect By Kyle Okposo.
0:59 of 3rd period - Stopped by Steve Mason with a rebound.
1:47 of 3rd period - Tommy Wingels is hit by Fedor Tyutin and loses puck.
3:45 of 3rd period - Icing by Zemgus Girgensons.
3:46 of 3rd period - Zemgus Girgensons wins face-off versus Scott Gomez in Bruins zone.
3:51 of 3rd period - Kyle Clifford is hit by Zemgus Girgensons and loses puck.
4:20 of 3rd period - Minor Penalty to Shea Weber for Hooking.
4:21 of 3rd period - Zemgus Girgensons wins face-off versus Scott Hartnell in Bruins zone.
5:19 of 3rd period - Jeff Petry is hit by Kyle Okposo and loses puck.
5:30 of 3rd period - Andre Benoit is hit by Nazem Kadri.
5:54 of 3rd period - Slapshot by Jonathan Toews.
5:54 of 3rd period - Goal by Jonathan Toews - Senators : 1 - Bruins : 2.
5:55 of 3rd period - Matt Duchene wins face-off versus Brad Richards in neutral zone.
6:02 of 3rd period - Johnny Oduya is hit by Jonas Brodin and loses puck.
6:51 of 3rd period - Wrist shot by Nazem Kadri.
6:51 of 3rd period - Stopped by Jonathan Quick with a rebound.
6:53 of 3rd period - Slapshot by Nikita Nikitin.
6:53 of 3rd period - Stopped by Jonathan Quick without a rebound.
6:54 of 3rd period - Nazem Kadri wins face-off versus Paul Stastny in Bruins zone.
7:42 of 3rd period - Jeff Petry is hit by Scott Hartnell and loses puck.
7:57 of 3rd period - Snap shot by Phil Kessel.
7:57 of 3rd period - Stopped by Jonathan Quick with a rebound.
7:59 of 3rd period - Slapshot by Jonathan Toews.
7:59 of 3rd period - Stopped by Jonathan Quick with a rebound.
8:01 of 3rd period - Snap shot by Scott Hartnell.
8:01 of 3rd period - Stopped by Jonathan Quick without a rebound.
8:02 of 3rd period - Brad Richards wins face-off versus Jesse Winchester in Bruins zone.
8:51 of 3rd period - Brenden Dillon is hit by Erik Gudbranson and loses puck.
9:09 of 3rd period - Brenden Dillon is hit by Ray Whitney and loses puck.
10:16 of 3rd period - Snap shot by Marian Hossa.
10:16 of 3rd period - Shot Blocked by Johnny Oduya.
10:20 of 3rd period - Slapshot by Anze Kopitar.
10:20 of 3rd period - Stopped by Steve Mason with a rebound.
10:22 of 3rd period - Wrist shot by Shea Weber.
10:22 of 3rd period - Stopped by Steve Mason with a rebound.
10:24 of 3rd period - Snap shot by Shea Weber.
10:24 of 3rd period - Shot Misses the Net.
10:26 of 3rd period - Slapshot by Jeff Petry.
10:26 of 3rd period - Shot Blocked by Justin Schultz.
10:30 of 3rd period - Wrist shot by Matt Duchene.
10:30 of 3rd period - Shot Misses the Net.
10:49 of 3rd period - Icing by Paul Stastny.
10:50 of 3rd period - Paul Stastny wins face-off versus Brad Richards in Bruins zone.
10:57 of 3rd period - Mark Scheifele is hit by Andre Benoit and loses puck.
10:58 of 3rd period - Mark Scheifele from Senators is injured at 10:58 of 3rd period (Strained Right Elbow).
10:59 of 3rd period - Jonathan Toews wins face-off versus Anze Kopitar in Senators zone.
11:11 of 3rd period - Snap shot by Phil Kessel.
11:11 of 3rd period - Shot Blocked by Jeff Petry.
12:01 of 3rd period - Anze Kopitar is hit by Nazem Kadri and loses puck.
12:42 of 3rd period - Slapshot by Paul Stastny.
12:42 of 3rd period - Stopped by Steve Mason with a rebound.
12:44 of 3rd period - Slapshot by Andre Benoit.
12:44 of 3rd period - Shot Misses the Net.
12:46 of 3rd period - Wrist shot by Andre Benoit.
12:46 of 3rd period - Stopped by Steve Mason without a rebound.
12:47 of 3rd period - Brad Richards wins face-off versus Zemgus Girgensons in Senators zone.
13:11 of 3rd period - Snap shot by Tommy Wingels.
13:11 of 3rd period - Shot Blocked by Johnny Oduya.
13:53 of 3rd period - Shea Weber is hit by Kyle Clifford and loses puck.
15:40 of 3rd period - Matt Greene is hit by Matt Duchene and loses puck.
15:49 of 3rd period - Snap shot by Jonathan Toews.
15:49 of 3rd period - Shot Blocked by Brenden Dillon.
15:51 of 3rd period - Slapshot by Matt Greene.
15:51 of 3rd period - Shot Blocked by Jonas Brodin.
15:53 of 3rd period - Slapshot by Erik Gudbranson.
15:53 of 3rd period - Shot Blocked by Matt Duchene.
16:12 of 3rd period - Ryan Smyth is hit by Matt Greene and loses puck.
16:41 of 3rd period - Wrist shot by Brad Richards.
16:41 of 3rd period - Shot Misses the Net.
16:43 of 3rd period - Slapshot by Johnny Oduya.
16:43 of 3rd period - Stopped by Jonathan Quick with a rebound.
16:45 of 3rd period - Snap shot by Nazem Kadri.
16:45 of 3rd period - Shot Misses the Net.
16:47 of 3rd period - Wrist shot by Colin Greening.
16:47 of 3rd period - Shot Blocked by Jonas Brodin.
17:07 of 3rd period - Shea Weber is hit by Phil Kessel and loses puck.
17:24 of 3rd period - Kyle Okposo is hit by Shea Weber and loses puck.
17:54 of 3rd period - Kyle Okposo is hit by Valeri Nichushkin and loses puck.
19:17 of 3rd period - Jeff Petry is hit by Justin Schultz.
19:19 of 3rd period - Senators, Steve Mason is pulled from the net.
19:21 of 3rd period - Wrist shot by Scott Hartnell.
19:21 of 3rd period - Stopped by Jonathan Quick with a rebound.
19:33 of 3rd period - Jeff Petry is hit by Matt Greene and loses puck.
19:50 of 3rd period - Jeff Petry is hit by Matt Greene.
Goals for this period are 1 for Senators vs 0 for Bruins.
Shots for this period are 9 for Senators vs 5 for Bruins.


Output by the SimonT Hockey Simulator (STHS) for Eric Dolegowski -- Original Page W3C XHTML 1.0 Valid
Hockey Simulator - Hockey Simulation - Hockey Manager